 Dungeon Crawl Stone Soup version 0.30-b1-5-g8e6c1be481 (webtiles) character file.

Game seed: 9751905163135497868

367 Hrothgar the Chopper (level 6, -1/53 HPs)
             Began as a Hill Orc Fighter on May 4, 2023.
             Was an Initiate of Ru.
             Splashed by a jelly's acid (3 damage)
             ... on level 4 of the Dungeon.
             The game lasted 00:06:14 (1684 turns).

Hrothgar the Chopper (Hill Orc Fighter)             Turns: 1684, Time: 00:06:14

Health: -1/53      AC: -2    Str: 15    XL:     6   Next: 69%
Magic:  6/6        EV:  9    Int: 10    God:    Ru [......]
Gold:   119        SH:  5    Dex: 12    Spells: 5/5 levels left

rFire   + . .        a - +0 war axe
rCold   . . .        c - +0 buckler
rNeg    + . .        b - +0 scale mail
rPois   .            (no helmet)
rElec   +            (no cloak)
rCorr   .            (no gloves)
SInv    .            f - +1 pair of boots "Erereomy" {rElec rN+ Str-4 Dex+2}
Will    .....        (no amulet) Stlth
                     j - ring of protection from fire
HPRegen 0.28/turn    (no ring)
MPRegen 0.10/turn

%: no passive effects
@: mighty, corroded
A: no striking features
a: Renounce Religion


You were on level 4 of the Dungeon.
You worshipped Ru.
Ru was noncommittal.
You visited 2 branches of the dungeon, and saw 5 of its levels.

You collected 119 gold pieces.

Inventory:

Hand Weapons
 a - a +0 war axe (weapon)
 i - a +1 sling of draining
Armour
 b - a +0 scale mail (worn)
 c - a +0 buckler (worn)
 f - the +1 pair of boots "Erereomy" (worn) {rElec rN+ Str-4 Dex+2}
   (You found it on level 2 of the Dungeon)

   Str:       It affects your strength (-4).
   Dex:       It affects your dexterity (+2).
   rElec:     It insulates you from electricity.
   rN:        It protects you from negative energy.
Jewellery
 j - a ring of protection from fire (left hand)
Scrolls
 e - a scroll of noise {unknown}


   Skills:
 * Level 4.6 Fighting
 * Level 5.1 Axes
 * Level 1.3 Ranged Weapons
 * Level 4.5 Armour
 * Level 1.5 Dodging
 * Level 1.6 Stealth
 * Level 4.2 Shields


You had 5 spell levels left.
You didn't know any spells.
Your spell library was empty.

Dungeon Overview and Level Annotations

Branches:
Dungeon (4/15)             Temple (1/1) D:4

Altars:
Ashenzari
Cheibriados
Dithmenos
Fedhas
Gozag
Hepliaklqana
Kikubaaqudgha
Nemelex Xobeh
Okawaru
Ru
Trog
Wu Jian
Yredelemnul
The Shining One


Message History

The endoplasm hits you. The jelly closely misses you.
The endoplasm hits the fungus.
The jelly attacks as you move away! You block the jelly's attack.
The endoplasm attacks as you move away! The endoplasm barely misses you.
The endoplasm hits the fungus.
The jelly hits the fungus.
The fungus begins to die.
The fungus is splashed with acid.
The acid corrodes the fungus!
You hit the endoplasm but do no damage. You slash the fungus!
The endoplasm freezes you.
You are frozen.
The jelly hits the fungus.
The fungus is splashed with acid.
The fungus seems to be corroded for longer.
The endoplasm hits the fungus.
You hit the endoplasm.
The endoplasm is heavily wounded.
You hit the fungus. You hit the endoplasm.
A nearby fungus withers and dies.
The endoplasm barely misses you. The endoplasm closely misses you.
The endoplasm hits the fungus.
The endoplasm jiggles.
The endoplasm hits the fungus.
The endoplasm hits you.
You hit the jelly but do no damage.
Your hands burn!
You hit the fungus but do no damage.
You hit the endoplasm but do no damage. x2
The endoplasm hits the fungus.
The endoplasm freezes you.
You are frozen.
* * * LOW HITPOINT WARNING * * *
The endoplasm hits the fungus.
You block the jelly's attack. The endoplasm freezes you.
You are frozen.
* * * LOW HITPOINT WARNING * * *
You feel very mighty all of a sudden.
A nearby fungus withers and dies.
The endoplasm hits you.
* * * LOW HITPOINT WARNING * * *
The jelly hits you.
* * * LOW HITPOINT WARNING * * *
You are splashed with acid.
* * * LOW HITPOINT WARNING * * *
The endoplasm hits you.
* * * LOW HITPOINT WARNING * * *
You slash the jelly!
Your hands burn!
You die...

#
#.#################.........#
#####.# #.........# ......#
########## #..<......#
#####.# $P......÷#
#.........# #.# .........#
#..[......# #.# .........#
##.......## ##.# .÷.÷.....#
#####......## ##..#
÷......JJ###.....######
###..## ....÷÷JJ@##.....##
....## #######J###......#
##### ##).....## #......#####
#.######## #..........#
##..'....# #.....P.P#.##
####....# #....##.##..#
#########.......#
#...P#.|.#P.#
.#.....##.......#
#.#....>....#
.......##.......#
#.##P#...#P.#


You could see a jelly and 4 endoplasms.

Vanquished Creatures
  2 scorpions (D:4)
  A howler monkey (D:4)
  A jelly (D:4)
  A hound (D:4)
  An iguana (D:4)
  An orc wizard (D:3)
  4 adders
  A worm (D:3)
  A dart slug (D:1)
  6 orcs
  6 ball pythons
  9 endoplasms
  2 hobgoblins
  4 jackals (D:3)
  11 kobolds
  3 quokkas
  A bat (D:3)
  A frilled lizard (D:1)
  4 goblins
  2 rats
62 creatures vanquished.

Vanquished Creatures (others)
  5 fungi (D:4)
  10 toadstools (D:4)
15 creatures vanquished.

Grand Total: 77 creatures vanquished

Notes
Turn   | Place    | Note
-------+----------+-------------------------------------------
     0 | D:1      | Hrothgar the Hill Orc Fighter began the quest for the Orb.
     0 | D:1      | Reached XP level 1. HP: 19/19 MP: 1/1
   179 | D:1      | Reached XP level 2. HP: 27/27 MP: 2/2
   242 | D:2      | Identified the +1 pair of boots "Erereomy" {rElec rN+ Str-4
                  | Dex+2}
   357 | D:3      | Reached XP level 3. HP: 33/33 MP: 3/3
   519 | D:3      | Reached skill level 3 in Axes
   528 | D:3      | Reached XP level 4. HP: 17/40 MP: 4/4
   680 | D:4      | Reached skill level 1 in Dodging
   683 | D:4      | Reached skill level 1 in Stealth
   708 | D:4      | Reached XP level 5. HP: 30/46 MP: 5/5
   726 | D:4      | Reached skill level 4 in Axes
   771 | D:4      | Found a staircase to the Ecumenical Temple.
   786 | Temple   | Entered the Ecumenical Temple
  1230 | D:4      | Reached XP level 6. HP: 53/53 MP: 6/6
  1289 | D:4      | Reached skill level 1 in Ranged Weapons
  1469 | D:4      | Found a broken altar of Ashenzari.
  1469 | D:4      | Found a sacrificial altar of Ru.
  1489 | D:4      | Became a worshipper of Ru the Awakened
  1678 | D:4      | Reached skill level 5 in Axes
  1683 | D:4      | HP: 2/53 [endoplasm (2)]
  1684 | D:4      | Splashed by a jelly's acid

Illustrated notes

Levels and vault maps discovered:
D:1:      amcnicky_arrival_single_pillar, layout_basic
D:2:      layout_basic
D:3:      layout_rooms, gammafunk_ghost_gnarly_gnolls, minmay_quantized
D:4:      cheibrodos_fertilizer, layout_rooms, jmf_multi_god_temple,
          minmay_temple_entry_gardened_gates
Temple:   minmay_temple_forest_path

Skill      XL: |  1  2  3  4  5  6 |
---------------+-------------------+-----
Fighting       | 4 |  4.6
Axes           | 3 4 5 |  5.1
Dodging        | 1 |  1.5
Armour         | 4 |  4.5
Stealth        | 1 |  1.6
Shields        | 4 |  4.2
Ranged Weapons | 1 |  1.3

Action                     |  1- 3 |  4- 6 || total
---------------------------+-------+-------++-------
  Melee: War axe           |    67 |    91 ||   158
   Fire: Sling             |       |    33 ||    33
    Use: Potion            |     1 |     3 ||     4
         Scroll            |       |     2 ||     2
 Armour: Scale mail        |    54 |    41 ||    95
  Dodge: Dodged            |    48 |    66 ||   114
  Block: Buckler           |    16 |    29 ||    45
